 Dungeon Crawl Stone Soup version 0.32-a0-433-g08bcfe7efd (webtiles) character file.

Game seed: 12669917650873152214

382 Sobieck the Shooter (level 6, 0/47 HPs)
             Began as a Coglin Hexslinger on Feb 22, 2024.
             Was an Elder of Uskayaw.
             Slain by a gnoll sergeant
             ... wielding a +0 trident
              (1 damage)
             ... on level 5 of the Dungeon.
             The game lasted 00:08:07 (3844 turns).

Sobieck the Shooter (Coglin Hexslinger)             Turns: 3844, Time: 00:08:08

Health: 0/47       AC:  9    Str:  8    XL:     6   Next: 76%
Magic:  9/9        EV: 11    Int: 13    God:    Uskayaw [****..]
Gold:   219        SH:  0    Dex: 18    Spells: 8/10 levels left

rFire   + . .        a - +1 sling {Xiang}
rCold   . . .        q - +3 sling "Zychufar" {freeze, rF+}
rNeg    . . .        t - +0 leather armour
rPois   .            p - +1 helmet
rElec   .            (no cloak)
rCorr   .            (no gloves)
SInv    .            (no boots)
Will    +....        (no amulet)
Stlth   +            m - ring of willpower
HPRegen 0.27/turn    r - +4 ring of protection
MPRegen 0.11/turn

%: no passive effects
@: immotile, revved
A: off-hand wielding, slow wielding, warmup strikes, legs shutdown
a: Renounce Religion, Stomp, Line Pass


You were on level 5 of the Dungeon.
You worshipped Uskayaw.
Uskayaw was noncommittal.
You visited 1 branch of the dungeon, and saw 5 of its levels.
You also visited: Sewer.

You collected 219 gold pieces.

Inventory:

Hand Weapons
 a - a +1 sling (weapon) {Xiang}
 i - a +0 sling {Hachiro}
 q - the +3 sling "Zychufar" (offhand) {freeze, rF+}
   (You found it on level 3 of the Dungeon)

   rF+:       It protects you from fire.
Armour
 c - a +0 robe
 j - an orb of light
 l - the orb of the Snake Pit {*Rage, -Tele rElec Str+3 Dex+3}
   (You found it on level 2 of the Dungeon)

   Str+3:     It affects your strength (+3).
   Dex+3:     It affects your dexterity (+3).
   rElec:     It insulates you from electricity.
   -Tele:     It prevents most forms of teleportation.
 p - a +1 helmet (worn)
 t - a +0 leather armour (worn)
Magical Staves
 f - a staff of conjuration
 h - a staff of earth
Jewellery
 m - a ring of willpower (left grasper)
 o - a ring of poison resistance
 r - a +4 ring of protection (right grasper)
Scrolls
 b - 3 scrolls of poison
 n - 2 scrolls of fear
 u - 2 scrolls of blinking
 w - 3 scrolls of fog
 R - a scroll of identify
Potions
 d - a potion of enlightenment
 e - 2 potions of curing {unknown}
 g - 3 potions of lignification
 k - a potion of ambrosia
 s - a potion of might {unknown}
 v - a potion of heal wounds {unknown}
 H - 3 potions of haste


   Skills:
 + Level 3.0 Fighting
 * Level 4.2 Ranged Weapons
 - Level 1.7 Dodging
 + Level 2.5 Spellcasting
 + Level 3.8 Hexes
 - Level 0.8 Fire Magic


You had 8 spell levels left.
You knew the following spells:

 Your Spells              Type           Power      Damage    Failure   Level
a - Jinxbite              Hex            22%        N/A       11%         2

Your spell library contained the following spells:

 Spells                   Type           Power      Damage    Failure   Level
 Sigil of Binding         Hex            11%        N/A       22%         3
 Apportation              Tloc           2%         N/A       34%         1
 Necrotise                Necr           4%         1d4       34%         1
 Sting                    Conj/Alch      4%         1d3       34%         1
 Summon Small Mammal      Summ           4%         N/A       34%         1
 Inner Flame              Hex/Fire       7%         N/A       38%         3
 Dazzling Flash           Conj/Hex       12%        N/A       43%         3
 Lesser Beckoning         Tloc           2%         N/A       47%         2
 Cause Fear               Hex            5%         N/A       58%         4
 Volatile Blastmotes      Fire/Tloc      4%         2d10      65%         3
 Gell's Gravitas          Tloc           1%         N/A       71%         3
 Teleport Other           Tloc           1%         N/A       71%         3
 Dimensional Bullseye     Hex/Tloc       3%         N/A       85%         4
 Irradiate                Conj/Alch      0%         3d11      100%        5
 Starburst                Conj/Fire      1%         6d3       100%        6
 Ignition                 Fire           1%         3d3       100%        8
 Maxwell's Capacitive Co  Air            0%         ∞         100%        8


Dungeon Overview and Level Annotations

Branches:
Dungeon (5/15)              Sewer (visited)
 Temple: D:4-7

Altars:
Dithmenos
Okawaru
Qazlal
Uskayaw


Innate Abilities, Weirdness & Mutations

You can wield a second weapon in your off-hand.
It takes a long time for you to wield or remove held weapons.
Your first few attacks do less damage.
Attacking and casting redirects power from your legs.


Message History

Uskayaw links your audience in an emotional bond!
You are too injured to fight recklessly!
You are too injured to fight recklessly!
You are too injured to fight recklessly!
Unknown command.
You shoot a sling bullet. The sling bullet hits the hound!
You kill the orc!
The hound is severely wounded.
You shoot a sling bullet.
The sling bullet barely misses the hound.
The sling bullet hits the gnoll sergeant.
You kill the hound!
The sling bullet freezes the gnoll sergeant.
The gnoll sergeant is heavily wounded.
The gnoll sergeant hits you from afar with a +0 trident.
* * * LOW HITPOINT WARNING * * *
A gnoll comes into view. It is wielding a +0 whip.
The gnoll hits you from afar with a +2 halberd of flaming!
* * * LOW HITPOINT WARNING * * *
Your Fighting skill increases to level 3!
You shoot a sling bullet. The gnoll shouts!
The sling bullet hits the gnoll sergeant but does no damage.
The gnoll sergeant is heavily wounded.
You shoot a sling bullet.
The sling bullet closely misses the gnoll sergeant.
The gnoll sergeant hits you but does no damage.
The gnoll closely misses you.
You shoot a sling bullet.
The sling bullet closely misses the gnoll sergeant.
You shoot a sling bullet.
The sling bullet barely misses the gnoll sergeant.
The gnoll sergeant is no longer sharing its pain.
The gnoll is no longer sharing its pain.
The gnoll sergeant hits you but does no damage.
The gnoll barely misses you. The gnoll sergeant closely misses you.
The gnoll closely misses you.
You shoot a sling bullet.
The sling bullet hits the gnoll sergeant!
The sling bullet freezes the gnoll sergeant.
The gnoll sergeant is almost dead.
You shoot a sling bullet.
The sling bullet closely misses the gnoll sergeant.
The gnoll hits you from afar with a +2 halberd of flaming!
* * * LOW HITPOINT WARNING * * *
The gnoll burns you.
* * * LOW HITPOINT WARNING * * *
The gnoll sergeant hits you from afar with a +0 trident.
You die...
Your body falls in perfect tune with the rhythm.

#.#
#...............#
...
.............####
#..
..........)...#
#..
...........#..##
..............##
#..........#
...........#
#......#...#
.......@..##
#....J.†###
#...g.gg#
##.[..)..
#..##.).. #.
...... . ...##..
.... ##.


You could see a gnoll sergeant, a jelly and 2 gnolls.

Vanquished Creatures
  2 bullfrogs (Sewer)
  A jelly (D:5)
  A hound (D:5)
  Jessica (D:3)
  A gnoll (D:5)
  4 adders
  10 dart slugs
  A ribbon worm (D:2)
  2 orcs
  9 ball pythons
  6 endoplasms
  11 giant cockroaches
  5 goblins
  10 hobgoblins
  2 jackals (D:4)
  4 quokkas
  4 bats
  8 frilled lizards
  6 kobolds
  5 rats
93 creatures vanquished.

Notes
Turn   | Place    | Note
-------+----------+-------------------------------------------
     0 | D:1      | Sobieck the Coglin Hexslinger began the quest for the Orb.
     0 | D:1      | Reached XP level 1. HP: 15/15 MP: 2/2
   107 | D:1      | Reached skill level 2 in Ranged Weapons
   109 | D:1      | Reached XP level 2. HP: 10/21 MP: 3/3
   556 | D:1      | Reached XP level 3. HP: 26/26 MP: 4/4
   989 | D:2      | Reached skill level 3 in Hexes
  1108 | D:2      | Identified the orb of the Snake Pit {*Rage, -Tele rElec
                  | Str+3 Dex+3}
  1476 | D:2      | Found a faded altar of an unknown god.
  1771 | D:3      | Reached XP level 4. HP: 33/33 MP: 6/6
  1873 | D:3      | Identified the +3 sling "Zychufar" {freeze, rF+}
  1937 | D:3      | Found a glowing drain.
  1948 | Sewer    | Entered a sewer
  2005 | Sewer    | Reached skill level 3 in Ranged Weapons
  2025 | Sewer    | Learned a level 2 spell: Jinxbite
  2156 | Sewer    | Noticed a bullfrog
  2156 | Sewer    | Noticed a bullfrog
  2162 | Sewer    | Killed a bullfrog
  2163 | Sewer    | Reached XP level 5. HP: 29/39 MP: 4/8
  2169 | Sewer    | Reached XP level 6. HP: 36/46 MP: 3/9
  2518 | D:3      | Found a hide-covered altar of Uskayaw.
  2541 | D:3      | Became a worshipper of Uskayaw the Reveller
  2888 | D:3      | Reached * piety under Uskayaw
  2892 | D:3      | Noticed Jessica
  2893 | D:3      | Killed Jessica
  3102 | D:4      | Found a stormy altar of Qazlal.
  3102 | D:4      | Found an iron altar of Okawaru.
  3448 | D:4      | Found a shadowy altar of Dithmenos.
  3777 | D:5      | Entered Level 5 of the Dungeon
  3834 | D:5      | Reached skill level 4 in Ranged Weapons
  3834 | D:5      | Reached ** piety under Uskayaw
  3836 | D:5      | Reached *** piety under Uskayaw
  3840 | D:5      | Reached **** piety under Uskayaw
  3842 | D:5      | Reached skill level 3 in Fighting
  3844 | D:5      | HP: 2/47 [gnoll/+2 halberd of flaming[a gnoll sergeant]
                  | (10)]
  3844 | D:5      | Slain by a gnoll sergeant

Illustrated notes

Levels and vault maps discovered:
D:1:      dpeg_arrival_another_circle, layout_loops_ring, minmay_pentomino_s4
D:2:      layout_basic, shapermc_ecumenical_altar_hornbeckon,
          serial_bayou_lagoon_a, st_stairs_7, minmay_misc_feat_nine_boxes,
          corexii_shack
D:3:      layout_basic, lemuel_doored_altar, portal_sewer_entry_d, uniq_jessica
D:4:      layout_gridville, mainiacjoe_overflow_surrounded_room,
          gammafunk_temple_overflow_elements
D:5:      dreamdust_elfheim, layout_cave_pools, minmay_temple_entry_glass,
          kennysheep_small_spiral

Skill      XL: |  1  2  3  4  5  6 |
---------------+-------------------+-----
Ranged Weapons | 2 3 4 |  4.2
Hexes          | 3 |  3.8
Fighting       | 2 3 |  3.0
Spellcasting   | 2 |  2.5
Dodging        | |  1.7
Fire Magic     | |  0.8

Action                     |  1- 3 |  4- 6 || total
---------------------------+-------+-------++-------
   Fire: Sling             |   166 |   220 ||   386
   Cast: Jinxbite          |       |     2 ||     2
    Use: Scroll            |       |    10 ||    10
 Armour: Robe              |    35 |    14 ||    49
         Leather armour    |       |    13 ||    13
  Dodge: Dodged            |    43 |    26 ||    69

Table legend: (Time is in decaauts)
 A = Elapsed time spent in this place.
 B = Non-inter-level travel time spent in this place.
 C = Inter-level travel time spent in this place.
 D = Time resting spent in this place.
 E = Time spent auto-exploring this place.
 F = Levels seen in this place.
 G = Mean time per level.
                   A        B        C        D        E       F      G
               +--------+--------+--------+--------+--------+-----+--------+
         Total |   4033 |   3878 |    155 |    118 |   2964 |   6 |  672.2 |
       Dungeon |   3358 |   3203 |    155 |     96 |   2652 |   5 |  671.6 |
         Sewer |    674 |    674 |      0 |     22 |    312 |   1 |  674.0 |
               +--------+--------+--------+--------+--------+-----+--------+

Top non-repeatable levels by time:
     D:1: 1014 daAuts
     D:2: 881 daAuts
     D:4: 722 daAuts
   Sewer: 674 daAuts
     D:3: 670 daAuts
     D:5: 69 daAuts
